 Dungeon Crawl Stone Soup version 0.29.1-4-g47bece8355 (webtiles) character file.

Game seed: 15477308425744842584

1431 Gabide the Scholar of Death (level 8, 0/60 HPs)
             Began as a Mummy Necromancer on Dec 8, 2022.
             Was a Follower of Kikubaaqudgha.
             Slain by a gnoll bouda
             ... wielding a +0 whip
              (6 damage)
             ... on level 6 of the Dungeon.
             The game lasted 00:10:29 (6702 turns).

Gabide the Scholar of Death (Mummy Necromancer)     Turns: 6702, Time: 00:10:30

Health: 0/60       AC:  4    Str: 12    XL:     8   Next: 45%
Magic:  19/23      EV: 13    Int: 18    God:    Kikubaaqudgha [*.....]
Gold:   63         SH:  0    Dex: 12    Spells: 11/15 levels left

rFire   x . .      SeeInvis .   b - +4 flail "Zeivvu" {spect, *Corrode rElec MP+9 Int+2}
rCold   + . .      Faith    .   (no shield)
rNeg    + + +      Spirit   .   a - +0 robe
rPois   ∞          Reflect  .   h - +0 helmet
rElec   +          Harm     .   i - +0 cloak
rCorr   .          Rampage  .   (no gloves)
Will    +....                   (no boots)
Stlth   ++........              f - amulet of the acrobat
HPRegen 0.20/turn               (no ring)
MPRegen 0.18/turn               (no ring)

@: weakened
A: cold resistance 1, negative energy resistance 3, torment resistance 2, heat
vulnerability 1, in touch with death 1, no potions
a: Renounce Religion, Unearth Wretches


You were on level 6 of the Dungeon.
You worshipped Kikubaaqudgha.
Kikubaaqudgha was aware of your devotion.
You visited 1 branch of the dungeon, and saw 6 of its levels.

You collected 183 gold pieces.
You spent 120 gold pieces at shops.

Inventory:

Hand Weapons
 b - the +4 flail "Zeivvu" (weapon) {spect, *Corrode rElec MP+9 Int+2}
   (You found it on level 4 of the Dungeon)

   When its wielder attacks, the weapon's spirit leaps out and strikes again.
   The spirit shares a part of any damage it takes with its wielder.
   Int:       It affects your intelligence (+2).
   rElec:     It insulates you from electricity.
   MP:        It affects your magic capacity (+9).
   *Corrode:  It may corrode you when you take damage.
 n - a +4 hand axe of venom
Armour
 a - a +0 robe (worn)
 h - a +0 helmet (worn)
 i - a +0 cloak (worn)
Jewellery
 f - an amulet of the acrobat (around neck)
 g - a ring of ice
Wands
 j - a wand of paralysis (15)
 o - a wand of light (7)
 p - a wand of polymorph (7)
Scrolls
 c - 2 scrolls of vulnerability
 d - 2 scrolls of teleportation
 e - a scroll of brand weapon
 k - a scroll of amnesia
 l - a scroll of magic mapping {unknown}
 m - a scroll of torment {unknown}


   Skills:
 - Level 4.0 Fighting
 - Level 4.0 Dodging
 - Level 2.0 Stealth
 - Level 4.0 Unarmed Combat
 - Level 4.0 Spellcasting
 + Level 7.4 Necromancy


You had 11 spell levels left.
You knew the following spells:

 Your Spells              Type           Power      Damage    Failure   Level
a - Necrotise             Necr           100%       1d9       1%          1
b - Vampiric Draining     Necr           45%        2d9       1%          3

Your spell library contained the following spells:

 Spells                   Type           Power      Damage    Failure   Level
 Animate Dead             Necr           45%        N/A       7%          4
 Agony                    Necr           45%        N/A       19%         5
 Anguish                  Hex/Necr       12%        N/A       32%         4
 Frozen Ramparts          Ice            6%         1d1       41%         3
 Summon Ice Beast         Ice/Summ       3%         N/A       82%         4
 Ice Form                 Ice/Tmut       Unusable   N/A       N/A         4

Dungeon Overview and Level Annotations

Branches:
Dungeon (6/15)
 Temple: D:4-7

Altars:
Fedhas
Kikubaaqudgha
Ru
Uskayaw
Vehumet
Wu Jian

Shops:
D:6 ?

Annotations:
D:4 Duvessa


Innate Abilities, Weirdness & Mutations

You are immune to poison.
Your flesh is cold resistant. (rC+)
You are immune to negative energy. (rN+++)
You are immune to unholy pain and torment.
You are vulnerable to heat. (rF-)
You are in touch with the powers of death.
You do not drink.


Message History

The gnoll barely misses you.
You hit the gnoll bouda but do no damage.
Your +4 flail "Zeivvu" {spect, *Corrode rElec MP+9 Int+2} hits the gnoll bouda.
The gnoll barely misses you.
The gnoll bouda hits you with a +0 whip.
You closely miss the gnoll bouda.
The gnoll bouda is lightly wounded.
Your +4 flail "Zeivvu" {spect, *Corrode rElec MP+9 Int+2} hits the gnoll bouda.
The gnoll hits you but does no damage. The gnoll hits you with a +0 flail! x2
The gnoll bouda hits you with a +0 whip!
The gnoll hits you with a +0 whip. The gnoll barely misses you.
You are too injured to fight recklessly!
Unknown command.
Unknown command.
Unknown command.
Unknown command.
Aiming: Necrotise (safe; 1% risk of failure)
Press: ? - help, Q - select action, (/) - cycle Shift-Dir - straight line, f - gnoll
Aim: a gnoll, wielding a +0 flail (covering ground quickly, chance to affect: 88%)
You feel a surge of power!
The gnoll writhes in agony.
The gnoll barely misses you.
The gnoll bouda calls upon its god to heal the gnoll.
The gnoll is healed somewhat.
The gnoll hits you with a +0 whip.
* * * LOW HITPOINT WARNING * * *
The gnoll hits you with a +0 flail!
* * * LOW HITPOINT WARNING * * *
Okay, then.
Unknown command.
Aiming: Vampiric Draining (safe; 1% risk of failure)
Press: ? - help, Q - select action, (/) - cycle Shift-Dir - straight line, f/p - gnoll
Aim: a gnoll, wielding a +0 flail (lightly wounded, covering ground quickly)
You feel a surge of power!
You draw life force from the gnoll!
You feel life coursing into your body. The gnoll hits you with a +0 flail!
* * * LOW HITPOINT WARNING * * *
The gnoll bouda gazes fiercely through you!
You feel your attacks grow feeble.
The gnoll bouda hits you with a +0 whip.
You die...
Kikubaaqudgha rasps: "You have failed me!
Welcome... oblivion!"

.#
#.........#.....#
#
#...##...##....!#
# ##...##...#
.....# +
#.....#..... #
#.....#...... #
#.....#....... #
##...##.......
####...##...
#..g@.......
#..ggg......
#...........
#......####+
##.....# #.....#
....... .........


You could see a gnoll bouda and 3 gnolls.

Vanquished Creatures
  Grinder (D:5)
  Menkaure (D:5)
  A sky beast (D:6)
  A centaur (D:5)
  2 phantoms (D:5)
  A gnoll sergeant (D:5)
  A scorpion (D:5)
  3 wights (D:6)
  Dowan (D:4)
  2 hounds (D:6)
  2 jellies (D:6)
  3 iguanas
  Robin (D:3)
  9 gnolls
  5 adders
  A worm (D:2)
  4 dart slugs
  8 orcs
  4 endoplasms
  5 giant cockroaches
  17 goblins
  7 hobgoblins
  8 quokkas
  3 ball pythons
  5 bats
  5 frilled lizards
  9 kobolds
  5 rats
115 creatures vanquished.

Vanquished Creatures (collateral kills)
  A gnoll (D:3)
  An adder (D:2)
  A ball python (D:1)
  2 endoplasms (D:4)
  A kobold (D:2)
  A frilled lizard (D:2)
  A goblin (D:4)
8 creatures vanquished.

Vanquished Creatures (others)
  4 fungi (D:2)
  5 plants (D:2)
9 creatures vanquished.

Grand Total: 132 creatures vanquished

Notes
Turn   | Place    | Note
-------+----------+-------------------------------------------
     0 | D:1      | Gabide the Mummy Necromancer began the quest for the Orb.
     0 | D:1      | Reached XP level 1. HP: 13/13 MP: 4/4
   195 | D:1      | Reached skill level 1 in Fighting
   195 | D:1      | Reached XP level 2. HP: 21/21 MP: 2/5
   839 | D:1      | Gained mutation: You are in touch with the powers of death.
                  | [Mummy growth]
   839 | D:1      | Reached XP level 3. HP: 27/27 MP: 4/7
  1040 | D:2      | Found a faded altar of an unknown god.
  1092 | D:2      | You fall into a shaft and drop 2 floors!
  1130 | D:3      | Reached skill level 1 in Unarmed Combat
  1806 | D:2      | Reached XP level 4. HP: 32/33 MP: 0/8
  3034 | D:3      | Found an ornate altar of the Wu Jian Council.
  3202 | D:3      | Learned a level 3 spell: Vampiric Draining
  3206 | D:3      | Reached XP level 5. HP: 41/41 MP: 7/9
  3415 | D:3      | Noticed Robin
  3420 | D:3      | Killed Robin
  3902 | D:4      | Noticed Duvessa
  3902 | D:4      | Noticed Dowan
  3929 | D:4      | Killed Dowan
  4146 | D:4      | Identified the +4 flail "Zeivvu" {spect, *Corrode rElec
                  | MP+9 Int+2}
  4222 | D:4      | Found a hide-covered altar of Uskayaw.
  4222 | D:4      | Found a blossoming altar of Fedhas.
  4388 | D:4      | Reached XP level 6. HP: 48/48 MP: 10/10
  4868 | D:5      | Entered Level 5 of the Dungeon
  5182 | D:5      | Noticed Menkaure
  5187 | D:5      | Killed Menkaure
  5240 | D:5      | Reached XP level 7. HP: 52/54 MP: 13/13
  5391 | D:5      | Found a sacrificial altar of Ru.
  5417 | D:5      | Found a radiant altar of Vehumet.
  5418 | D:5      | Found an ancient bone altar of Kikubaaqudgha.
  5463 | D:5      | Became a worshipper of Kikubaaqudgha
  5659 | D:5      | Noticed Grinder
  5666 | D:5      | Killed Grinder
  5687 | D:5      | Reached skill level 5 in Necromancy
  5992 | D:5      | Reached XP level 8. HP: 57/60 MP: 14/14
  6125 | D:6      | Found Ogyokoekao's Magic Scroll Shoppe.
  6139 | D:6      | Reached skill level 6 in Necromancy
  6186 | D:6      | Bought a scroll of identify for 24 gold pieces
  6186 | D:6      | Bought a scroll of identify for 24 gold pieces
  6186 | D:6      | Bought a scroll of teleportation for 36 gold pieces
  6186 | D:6      | Bought a scroll of teleportation for 36 gold pieces
  6280 | D:6      | HP: 2/60 [wight/+4 scimitar (5)]
  6411 | D:6      | Reached skill level 7 in Necromancy
  6697 | D:6      | Reached * piety under Kikubaaqudgha
  6697 | D:6      | Received a gift from Kikubaaqudgha
  6702 | D:6      | Slain by a gnoll bouda

Illustrated notes

Levels and vault maps discovered:
D:1:      dpeg_arrival_lava_temple_mockup, layout_basic,
          minmay_misc_feat_hallway
D:2:      layout_basic, dreamdust_ecumenical_altar_grove,
          minmay_tree_intersection, minmay_joined_circles
D:3:      layout_basic, pdpol_wu_jian_five_deadly_venoms, uniq_robin
D:4:      layout_basic, gammafunk_temple_overflow_elements, st_stairs_5,
          uniq_duvessa
D:5:      layout_gridville, hangedman_ru_absence,
          mainiacjoe_overflow_divided_tiny, nrook_mini_backslash,
          grunt_ministairs_1, uniq_menkaure, uniq_grinder
D:6:      black_bear_nest_1, layout_gridville, minmay_temple_entry_sparse_star,
          serial_shops, shop_scrolls

Skill      XL: |  1  2  3  4  5  6  7  8 |
---------------+-------------------------+-----
Dodging        | 2 4 |  4.0
Fighting       | 1 2 3 4 |  4.0
Unarmed Combat | 2 4 |  4.0
Spellcasting   | 3 4 |  4.0
Stealth        | 2 |  2.0
Necromancy     | 5 7 |  7.4

Action                   |  1- 3 |  4- 6 |  7- 9 || total
-------------------------+-------+-------+-------++-------
Melee: Unarmed           |     2 |       |       ||     2
       Dagger            |     8 |       |       ||     8
       Hand axe          |       |    14 |       ||    14
       Flail             |       |    11 |    40 ||    51
       Punch             |       |       |     2 ||     2
 Cast: Necrotise         |    83 |    80 |     1 ||   164
       Vampiric Draining |       |     1 |     9 ||    10
  Use: Scroll            |       |     8 |     3 ||    11
 Stab: Sleeping          |     1 |       |       ||     1
Armor: Robe              |    11 |     3 |     9 ||    23
Dodge: Dodged            |    19 |    32 |    47 ||    98
